 Dungeon Crawl Stone Soup version 0.25.1-2-g60ff931df9 (webtiles) character file.

Game seed: 12383731745653181328

2625 Elvor the Basher (level 9, -3/81 HPs)
             Began as a Minotaur Fighter on Aug 26, 2020.
             Was a Follower of Okawaru.
             Killed by divine providence
             ... invoked by an orc priest
              (12 damage)
             ... on level 8 of the Dungeon.
             The game lasted 00:46:06 (5582 turns).

Elvor the Basher (Minotaur Fighter)                 Turns: 5582, Time: 00:46:07

Health: -3/81      AC: 10    Str: 25    XL:     9   Next: 34%
Magic:  8/8        EV: 12    Int:  5    God:    Okawaru [*.....]
Gold:   383        SH: 16    Dex: 11    Spells: 8/8 levels left

rFire    . . .     SeeInvis +   J - +2 flail (holy)
rCold    . . .     Gourm    .   c - +0 kite shield
rNeg     . . .     Faith    .   G - +0 chain mail
rPois    +         Spirit   .   (helmet restricted)
rElec    .         Reflect  +   (no cloak)
rCorr    .         Harm     .   (no gloves)
MR       .....                  (no boots)
Stlth    ..........             j - amulet of reflection
HPRegen  0.23/turn              O - ring "Miraa" {rPois Str+2 Slay-3 SInv}
MPRegen  0.11/turn              B - +4 ring of evasion

@: no status effects
A: retaliatory headbutt, horns 2
a: Heroism, Renounce Religion


You were on level 8 of the Dungeon.
You worshipped Okawaru.
Okawaru was aware of your devotion.
You were not hungry.

You visited 2 branches of the dungeon, and saw 9 of its levels.

You collected 383 gold pieces.

Inventory:

Hand Weapons
 p - a +0 hunting sling
 H - a +2 hand axe of distortion
 I - a +2 vorpal long sword
 J - a +2 flail of holy wrath (weapon)
 Q - a +0 morningstar
Missiles
 m - 27 poisoned darts (quivered)
 n - 8 javelins
 q - 4 silver javelins
 s - 7 boomerangs
 K - 3 datura-tipped darts
Armour
 c - a +0 kite shield (worn)
 G - a +0 chain mail (worn)
Magical Staves
 M - an uncursed staff of death
Jewellery
 h - an uncursed ring of stealth
 j - an amulet of reflection (around neck)
 u - an uncursed ring of stealth
 z - an uncursed ring of protection from magic
 B - a +4 ring of evasion (right hand)
 O - the ring "Miraa" (left hand) {rPois Str+2 Slay-3 SInv}
   (You found it on level 7 of the Dungeon)

   [ring of see invisible]

   It affects your strength (+2).
   It affects your accuracy and damage with ranged weapons and melee attacks
   (-3).
   It protects you from poison.
   It lets you see invisible.
Wands
 b - a wand of random effects (19)
 A - a wand of paralysis (20)
 N - a wand of polymorph (6)
Scrolls
 e - a scroll of immolation {unknown}
 i - 2 scrolls of remove curse {unknown}
 l - 3 scrolls of enchant weapon {unknown}
 o - 12 scrolls of identify {unknown}
 v - a scroll of magic mapping {unknown}
 w - a scroll of noise {unknown}
 x - a scroll of enchant armour {unknown}
 y - 4 scrolls of teleportation {unknown}
 E - 2 scrolls of random uselessness {unknown}
 F - a scroll of amnesia {unknown}
 L - 2 scrolls of fear {unknown}
 P - a scroll of blinking {unknown}
Potions
 a - a potion of mutation {unknown}
 d - a potion of might
 g - 5 potions of curing {unknown}
 k - 2 potions of lignification {unknown}
 r - a potion of haste {unknown}
 t - 3 potions of flight {unknown}
 D - a potion of heal wounds {unknown}
Comestibles
 f - 17 rations


   Skills:
 * Level 8.1 Fighting
 + Level 8.7 Maces & Flails
 + Level 3.6 Throwing
 + Level 6.1 Armour
 + Level 3.1 Dodging
 + Level 0.6 Stealth
 + Level 7.9 Shields


You had 8 spell levels left.
You didn't know any spells.
Your spell library contained the following spells:

 Spells                   Type           Power        Failure   Level  Hunger
 Beastly Appendage        Tmut           #.....       100%        1    ##.....
 Sticks to Snakes         Tmut           #.......     100%        2    ###....
 Spider Form              Tmut/Pois      #.........   100%        3    ####...
 Ice Form                 Ice/Tmut       #.......     100%        4    #####..
 Blade Hands              Tmut           #.........   100%        5    ######.


Dungeon Overview and Level Annotations

Branches:
Dungeon (8/15)             Temple (1/1) D:6
   Lair: D:8-11

Altars:
Ashenzari
Cheibriados
Dithmenos
Elyvilon
Fedhas
Gozag
Hepliaklqana
Kikubaaqudgha
Makhleb
Nemelex Xobeh
Okawaru
Qazlal
Ru
Sif Muna
Trog
Uskayaw
Vehumet
Wu Jian
Xom
Yredelemnul
Zin
The Shining One


Innate Abilities, Weirdness & Mutations

You reflexively headbutt those who attack you in melee.
You have a pair of horns on your head.


Message History

The orc warrior hits you with a cursed -2 battleaxe!!
* * * LOW HITPOINT WARNING * * *
The phantom blinks!
The orc priest looks braver for a moment.
You hit the orc warrior but do no damage.
The orc warrior is severely wounded.
You block the orc warrior's attack.
You sock the orc warrior!
You kill the orc warrior!
Okawaru accepts your kill.
You barely miss the orc priest.
You headbutt the orc priest, but do no damage.
The phantom blinks!
You block the orc priest's attack.
You hit the orc priest. You headbutt the orc priest!
The orc priest is almost dead.
The phantom barely misses you. You furiously retaliate!
You headbutt the phantom!
The orc priest mumbles some strange prayers to Beogh against you.
Beogh smites you!
You die...

#.# #. #.#
## ##.# #
#..# . #.##
. #.#
###.####...
#W.......#
#o@#######
......#†#
......#(.
..... #)##
.... #§#
.... (.. .
#.# #(#


You could see a phantom and an orc priest.

Vanquished Creatures
  Grinder (D:3)
  Duvessa (D:5)
  An ice beast (D:8)
  3 orc warriors
  A phantom (D:8)
  3 black bears (D:7)
  2 sky beasts
  2 ogres
  2 centaurs
  4 bullfrogs
  Dowan (D:5)
  A jelly (D:8)
  A bullfrog zombie (D:7)
  2 bullfrog skeletons
  An orc wizard (D:4)
  4 orc priests
  Terence (D:3)
  An iguana (D:7)
  3 worker ants
  A hound zombie (D:8)
  A hound skeleton (D:4)
  A worker ant zombie (D:5)
  14 gnolls
  9 adders
  A shadow imp (D:6)
  An ooze (D:5)
  2 adder zombies
  2 adder skeletons
  2 worms
  A dart slug (D:3)
  3 leopard geckos
  14 orcs
  3 ball pythons
  6 bats
  7 giant cockroaches
  7 goblins
  2 hobgoblins
  4 jackals
  4 quokkas
  7 frilled lizards
  5 kobolds
  14 rats
146 creatures vanquished.

Notes
Turn   | Place    | Note
-------+----------+-------------------------------------------
     0 | D:1      | Elvor the Minotaur Fighter began the quest for the Orb.
     0 | D:1      | Reached XP level 1. HP: 19/19 MP: 0/0
   306 | D:1      | Reached XP level 2. HP: 27/27 MP: 1/1
   731 | D:2      | Reached XP level 3. HP: 34/34 MP: 2/2
   968 | D:2      | You fall into a shaft and drop 1 floor!
   968 | D:3      | Found a shimmering altar of Xom.
  1034 | D:3      | Noticed Terence
  1041 | D:3      | Killed Terence
  1041 | D:3      | Reached XP level 4. HP: 41/41 MP: 3/3
  1328 | D:3      | Found a sacrificial altar of Ru.
  1405 | D:3      | Noticed Grinder
  1418 | D:3      | Killed Grinder
  1418 | D:3      | Reached skill level 5 in Fighting
  1418 | D:3      | Reached skill level 1 in Throwing
  1418 | D:3      | Reached skill level 5 in Shields
  1418 | D:3      | Reached XP level 5. HP: 16/48 MP: 4/4
  1418 | D:3      | Reached XP level 6. HP: 19/56 MP: 5/5
  2259 | D:2      | Found a burning altar of Makhleb.
  2720 | D:4      | Reached skill level 5 in Maces & Flails
  2998 | D:5      | Entered Level 5 of the Dungeon
  3085 | D:5      | Noticed Duvessa
  3088 | D:5      | Noticed Dowan
  3100 | D:5      | Killed Duvessa
  3100 | D:5      | Reached skill level 5 in Armour
  3100 | D:5      | Reached skill level 1 in Dodging
  3100 | D:5      | Reached XP level 7. HP: 63/63 MP: 6/6
  3118 | D:5      | Killed Dowan
  3675 | D:6      | Found a blossoming altar of Fedhas.
  3710 | D:6      | Reached XP level 8. HP: 68/71 MP: 7/7
  3907 | D:6      | Found a staircase to the Ecumenical Temple.
  3920 | Temple   | Entered the Ecumenical Temple
  3965 | Temple   | Became a worshipper of Warmaster Okawaru
  4157 | D:6      | Found an opulent altar of Gozag.
  4975 | D:7      | Reached XP level 9. HP: 80/80 MP: 8/8
  5002 | D:7      | Got a twitching iron ring
  5004 | D:7      | Identified the ring "Miraa" {rPois Str+2 Slay-3 SInv} (You
                  | found it on level 7 of the Dungeon)
  5200 | D:8      | Reached * piety under Okawaru
  5418 | D:8      | Found a shadowy altar of Dithmenos.
  5475 | D:8      | Found a radiant altar of Vehumet.
  5582 | D:8      | Killed from afar by an orc priest

Illustrated notes

Levels and vault maps discovered:
D:1:      psy_arrival_conway, layout_basic
D:2:      layout_loops_ring, nicolae_overflow_hidden_temple,
          kennysheep_generic_room_13
D:3:      layout_loops_corners, lemuel_crystal_altar, overflow_temple_1_default,
          portal_sewer_entry_d, uniq_terence, uniq_grinder
D:4:      layout_rooms
D:5:      layout_loops_ring, first_ration, uniq_duvessa
D:6:      layout_basic, nicolae_gozag_seed_capital,
          minmay_temple_entry_mini_moons, fedhas_bush_and_centaur_altar
D:7:      layout_gridville
D:8:      layout_rooms, marbit_many_paths, grunt_dithmenos_shadows
Temple:   regret_index_temple_sphere_string

Skill      XL: |  1  2  3  4  5  6  7  8  9 |
---------------+----------------------------+-----
Fighting       | 4 5 6 7 8 |  8.1
Shields        | 4 5 6 7 |  7.9
Armour         | 4 5 6 |  6.1
Maces & Flails | 3 4 5 6 7 8 |  8.7
Throwing       | 1 2 3 |  3.6
Dodging        | 1 2 3 |  3.1
Stealth        | |  0.6

Action                   |  1- 3 |  4- 6 |  7- 9 || total
-------------------------+-------+-------+-------++-------
Melee: Flail             |    99 |   106 |   255 ||   460
       Headbutt          |    11 |    24 |    58 ||    93
Throw: Dart              |     8 |     6 |    25 ||    39
       Boomerang         |       |     8 |    16 ||    24
       Throwing net      |       |       |     1 ||     1
 Stab: Sleeping          |       |     2 |       ||     2
  Eat: Chunk             |     1 |     1 |     3 ||     5
       Ration            |       |     2 |     1 ||     3
Armor: Scale mail        |    47 |    18 |     4 ||    69
       Chain mail        |       |       |    57 ||    57
Dodge: Dodged            |    36 |    34 |    84 ||   154
Block: Kite shield       |    60 |    79 |   208 ||   347
       Reflection        |       |     2 |     8 ||    10
